 Dungeon Crawl Stone Soup version 0.21.1-1-g345015f (webtiles) character file.

128 lotte the Firebug (level 4, -2/24 HPs)
             Began as a Deep Elf Fire Elementalist on July 1, 2018.
             Slain by Pikel
             ... wielding a +2 whip of electrocution
              (3 damage)
             ... on level 4 of the Dungeon.
             The game lasted 00:15:46 (3767 turns).

lotte the Firebug (Deep Elf Fire Elementalist)      Turns: 3767, Time: 00:15:48

Health: -2/24      AC:  4    Str:  5    XL:     4   Next: 87%
Magic:  17/21      EV: 13    Int: 21    God:
Gold:   179        SH:  0    Dex: 15    Spells: 7/11 levels left

rFire    . . .     SeeInvis .   n - +0 whip (venom)
rCold    . . .     Gourm    .   (no shield)
rNeg     . . .     Faith    .   a - +0 robe
rPois    .         Spirit   .   p - +2 hat
rElec    .         Reflect  .   (no cloak)
rCorr    .         Harm     .   (no gloves)
MR       .....                  (no boots)
Stlth    ++........             (no amulet)
HPRegen  0.08/turn              h - ring of magical power
MPRegen  0.17/turn              (no ring)

@: no status effects
A: no striking features
a: no special abilities


You were on level 4 of the Dungeon.
You were not hungry.

You visited 1 branch of the dungeon, and saw 4 of its levels.

You collected 179 gold pieces.

Inventory:

Hand Weapons
 i - a +0 dagger
 n - a +0 whip of venom (weapon)
Armour
 a - a +0 robe (worn)
 p - a +2 hat (worn)
Jewellery
 h - a ring of magical power (left hand)
Scrolls
 d - a scroll of remove curse {unknown}
 e - 3 scrolls of teleportation
 f - 2 scrolls of identify
 k - a scroll of fog {unknown}
 o - a scroll of noise {unknown}
 s - a scroll of amnesia {unknown}
 t - a scroll of fear {unknown}
Potions
 g - 3 potions of brilliance {unknown}
 j - a potion of heal wounds {unknown}
 l - 2 potions of lignification {unknown}
 m - a potion of agility {unknown}
 r - a potion of haste {unknown}
Books
 b - a book of Flames

   Spells                             Type                      Level
   a - Flame Tongue                   Conjuration/Fire             1
   b - Throw Flame                    Conjuration/Fire             2
   c - Conjure Flame                  Conjuration/Fire             3
   d - Inner Flame                    Hexes/Fire                   3
   e - Sticky Flame                   Conjuration/Fire             4
   f - Fireball                       Conjuration/Fire             5
Comestibles
 c - 5 rations
 q - 2 chunks of flesh


   Skills:
 + Level 2.5 Dodging
 - Level 2.4 Stealth
 + Level 4.2 Spellcasting
 * Level 2.7 Conjurations
 * Level 4.9 Fire Magic


You had 7 spell levels left.
You knew the following spells:

 Your Spells              Type           Power        Failure   Level  Hunger
a - Flame Tongue          Conj/Fire      ###..        2%          1    None
b - Conjure Flame         Conj/Fire      ###.....     7%          3    ###....


Dungeon Overview and Level Annotations

Branches:
Dungeon (4/15)
 Temple: D:4-7

Altars:
Nemelex Xobeh

Annotations:
D:4 Pikel


Message History

Confirm with . or Enter, or press ? or * to list all spells.
Aiming: Flame Tongue
Press: ? - help, Shift-Dir - straight line, f/p - Pikel
Aim: Pikel, wielding a whip of electrocution and wearing a robe (heavily wounded)
The flame tongue hits Pikel.
Pikel appears unharmed.
Pikel is heavily wounded.
Casting: Flame Tongue
Confirm with . or Enter, or press ? or * to list all spells.
Aiming: Flame Tongue
Press: ? - help, Shift-Dir - straight line, f/p - Pikel
Aim: Pikel, wielding a whip of electrocution and wearing a robe (heavily wounded)
The flame tongue hits Pikel.
Pikel is heavily wounded.
Pikel hits you with a whip of electrocution!
You are electrocuted!
Ouch! That really hurt!
* * * LOW HITPOINT WARNING * * *
Unknown command.
Pikel hits you with a whip of electrocution.
You die...

## .. .#
..#
######.#
#..@...#
##..K###
#.#p###
#..#...#
#>.###.#
#..
#.###
...
#...#
#.#.
###.# .#


You could see Pikel and a slave.

Vanquished Creatures
  4 adders
  2 worms
  3 dart slugs
  A leopard gecko (D:3)
  7 orcs (D:3)
  9 bats
  4 giant cockroaches
  7 goblins
  10 hobgoblins
  2 jackals (D:3)
  8 kobolds
  A quokka (D:3)
  6 frilled lizards
  5 rats
69 creatures vanquished.

Notes
Turn   | Place    | Note
-------+----------+-------------------------------------------
     0 | D:1      | lotte the Deep Elf Fire Elementalist began the quest for the Orb.
     0 | D:1      | Reached XP level 1. HP: 10/10 MP: 6/6
   174 | D:1      | Reached XP level 2. HP: 15/15 MP: 4/8
   799 | D:1      | Reached XP level 3. HP: 19/19 MP: 6/9
  1748 | D:2      | Learned a level 3 spell: Conjure Flame
  1965 | D:2      | Reached XP level 4. HP: 13/24 MP: 11/11
  3532 | D:3      | Found a sparkling altar of Nemelex Xobeh.
  3747 | D:4      | Noticed a slave
  3747 | D:4      | Noticed a slave
  3751 | D:4      | Noticed Pikel
  3751 | D:4      | Noticed a slave
  3761 | D:4      | Noticed a slave
  3764 | D:4      | HP: 1/24 [Pikel/whip of electrocution (16)]
  3767 | D:4      | Slain by Pikel

Skill      XL: |  1  2  3  4 |
---------------+-------------+-----
Fire Magic     | 4 |  4.9
Conjurations   | 2 |  2.7
Spellcasting   | 4 |  4.2
Dodging        | |  2.5
Stealth        | |  2.4

Action                   |  1- 3 |  4- 6 || total
-------------------------+-------+-------++-------
 Cast: Flame Tongue      |    80 |    70 ||   150
  Use: Scroll            |       |     2 ||     2
  Eat: Chunk             |     2 |     3 ||     5
       Ration            |       |     1 ||     1
Armor: Robe              |     4 |     3 ||     7
Dodge: Dodged            |    17 |    22 ||    39
